[Event "FIDE Women World Blitz 2021"]
[Site "Warsaw"]
[Date "2021.12.30"]
[Round "13.5"]
[White "Jakubowska, Anna"]
[Black "Gil Quilez, Sonia"]
[Result "1/2-1/2"]
[ECO "B12"]
[WhiteElo "2106"]
[BlackElo "2122"]
[Annotator "NA"]
[PlyCount "144"]
[EventDate "2021.12.29"]
[EventType "swiss"]
[EventCountry "POL"]
[Tiebreak "Cut1 Buchholz"]
[SourceTitle "playchess.com"]
[Source "ChessBase"]
[SourceQuality "1"]
[TimeControl "180+2"]

1. e4 c6 2. d4 d5 3. e5 c5 4. dxc5 Nc6 5. Bb5 e6 6. Be3 Bd7 7. Bxc6 Bxc6 8. c3 Qc7 9. Nf3 Ne7 10.
O-O Ng6 11. Bd4 Bb5 12. Re1 Bxc5 13. Qb3 a6 14. Bxc5 Qxc5 15. Nd4 Bc6 16. Nd2 O-O 17. N2f3 Qe7 18. Qb6 Rac8 19. Rad1 h6 20. g3 Qc7 21. Qb3 b6 22. Nxc6 Qxc6 23. Nd4 Qc5 24. Qa4 a5 25. Nb5 Qc6 26. Rd4 Ne7 27. Nd6 Qxa4 28. Rxa4 Rc6 29. c4 dxc4 30. Rxc4 Rxc4 31. Nxc4 Nd5 32. Rd1 Rc8 33. b3 a4 34. Nd6 Rc2 35. bxa4 Nc3 36. Rd3 Nxa4 37. a3 Nc5 38. Rd1 Re2 39. Nc4 b5 40. Rd8+ Kh7 41. Nd6 Kg6 42. Nxb5 Rxe5 43. Nd4 Ne4 44. Ra8 Nc3 45. a4 Re4 46. Nb5 Nxa4 47. Nd6 Rd4 48. Nb5 Rd1+ 49. Kg2 Nc5 50. Ra7 Ne4 51. Kf3 Ng5+ 52. Ke2 Rb1 53. Nd6 Rb2+ 54. Ke3 Rb3+ 55. Ke2 Rb6 56. Nc4 Rc6 57. Ne5+ Kf5 58. Nxc6 h5 59. h4 Ne4 60. Rxf7+ Kg6 61. Re7 Kf6 62. Ra7 Nc3+ 63. Kd3 Nd5 64. Nd8 g6 65. Ra6 Nb4+ 66. Ke4 Nxa6 67. f3 Nc7 68. Nc6 Nd5 69. Ne5 Ne7 70. Nd7+ Kf7 71. Ne5+ Kf6 72. Nd7+ Kf7 1/2-1/2

[Event "FIDE Women World Blitz 2021"]
[Site "Warsaw"]
[Date "2021.12.30"]
[Round "13.6"]
[White "Kashlinskaya, Alina"]
[Black "Goryachkina, Aleksandra"]
[Result "0-1"]
[ECO "D45"]
[WhiteElo "2482"]
[BlackElo "2604"]
[Annotator "ChessBase"]
[PlyCount "79"]
[EventDate "2021.12.29"]
[EventType "swiss"]
[EventCountry "POL"]
[Tiebreak "Cut1 Buchholz"]
[SourceTitle "playchess.com"]
[Source "ChessBase"]
[SourceQuality "1"]
[TimeControl "180+2"]

1. d4 Nf6 2. c4 e6 3. Nc3 d5 4. Nf3 Nbd7 5. cxd5 exd5 6. Bf4 c6 7. Qc2 Nh5 8. Bd2 Bd6 9. e3 Nhf6 10. Bd3 O-O 11. h3 Re8 12. g4 Nf8 13.
O-O-O b5 14. g5 Nh5 15. Kb1 a5 16. Ne2 Bd7 17. Nf4 Nxf4 18.
exf4 Rc8 19. Ne5 Bxe5 20. fxe5 c5 21. dxc5 Rxe5 22. Bf4 Re8 23. Bd6 b4 24. h4 a4 25. h5 Qxg5 26. h6 g6 27. f4 Qf6 28.
Rde1 Rxe1+ 29. Rxe1 Ne6 30. Be5 Qh4 31. Qe2 Nxc5 32. Bc2 Re8 33.
Qd2 Be6 34. Rd1 Qxh6 35. Qd4 Ne4 36. Qxb4 Qh5 37. Qxa4 Rc8 38. a3 Bf5 39. Qa6 Rxc2 40. Rxd5 0-1

[Event "FIDE Women World Blitz 2021"]
[Site "Warsaw"]
[Date "2021.12.30"]
[Round "13.6"]
[White "Kubicka, Anna"]
[Black "Kolaric, Spela"]
[Result "1-0"]
[ECO "C78"]
[WhiteElo "2273"]
[BlackElo "2178"]
[Annotator "NA"]
[PlyCount "86"]
[EventDate "2021.12.29"]
[EventType "swiss"]
[EventCountry "POL"]
[Tiebreak "Cut1 Buchholz"]
[SourceTitle "playchess.com"]
[Source "ChessBase"]
[SourceQuality "1"]
[TimeControl "180+2"]

1. e4 e5 2. Nf3 Nc6 3. Bb5 a6 4. Ba4 Nf6 5. O-O b5 6. Bb3 Bb7 7. d3 Bc5 8. Nc3 d6 9. Ne2 h6 10. Ng3 Ne7 11. c3 Bb6 12. Qe2 O-O 13.
Nh4 Bc8 14. Be3 c5 15. a4 Bd7 16. Qf3 Be6 17. Bxe6 fxe6 18. Nh5 Qe8 19. Nxf6+ Rxf6 20. Qg3 Kh8 21. axb5 axb5 22. Rxa8 Qxa8 23. b4 Qa3 24. bxc5 Bxc5 25. d4 exd4 26. cxd4 Bb6 27. e5 Nf5 28. exf6 Nxg3 29. f7 Ne2+ 30. Kh1 d5 31. Ng6+ Kh7 32. f8=Q Qxf8 33. Nxf8+ Kg8 34. Nxe6 Kf7 35. Nf4 Nxd4 36. Nxd5 Bc5 37. Rc1 Nb3 38. Rxc5 Nxc5 39. Bxc5 Ke6 40. Nf4+ Kf5 41. g3 g5 42. Ne2 Ke4 43. f4 Kd5 1-0

[Event "FIDE Women World Blitz 2021"]
[Site "Warsaw"]
[Date "2021.12.30"]
[Round "13.7"]
[White "Babiy, Olga"]
[Black "Socko, Monika"]
[Result "1-0"]
[ECO "C11"]
[WhiteElo "2179"]
[BlackElo "2393"]
[Annotator "NA"]
[PlyCount "51"]
[EventDate "2021.12.29"]
[EventType "swiss"]
[EventCountry "POL"]
[Tiebreak "Cut1 Buchholz"]
[SourceTitle "playchess.com"]
[Source "ChessBase"]
[SourceQuality "1"]
[TimeControl "180+2"]

1. d4 e6 2. e4 d5 3. Nc3 Nf6 4. e5 Nfd7 5. f4 c5 6. Nf3 a6 7. Be3 Qb6 8. Na4 Qa5+ 9. Nc3 Nc6 10. Qd2 b5 11. dxc5 Bxc5 12. Bxc5 Nxc5 13. Bd3 b4 14. Ne2 Qb6 15. Ned4 a5 16. Nxc6 Qxc6 17. Nd4 Qb6 18. Qe3 Ba6 19. O-O Rc8 20. Nb3 Bb7 21. f5 a4 22. Nd4 O-O 23.
f6 Ne4 24. Bxe4 dxe4 25. Qg5 Qxd4+ 26. Kh1 1-0

[Event "FIDE Women World Blitz 2021"]
[Site "Warsaw"]
[Date "2021.12.30"]
[Round "13.7"]
[White "Goraj, Barbara"]
[Black "Bartel, Marta"]
[Result "1-0"]
[ECO "B56"]
[WhiteElo "1902"]
[BlackElo "2192"]
[Annotator "NA"]
[PlyCount "169"]
[EventDate "2021.12.29"]
[EventType "swiss"]
[EventCountry "POL"]
[Tiebreak "Cut1 Buchholz"]
[SourceTitle "playchess.com"]
[Source "ChessBase"]
[SourceQuality "1"]
[TimeControl "180+2"]

1. e4 c5 2. Nf3 Nc6 3. d4 cxd4 4. Nxd4 Nf6 5. Nc3 d6 6. f3 e5 7. Nb3 Be6 8. Be3 Be7 9. Qd2 O-O 10. O-O-O a5 11. Bb5 Na7 12. Bxa7 Rxa7 13. a4 Ra8 14. Kb1 Nd7 15. Nd5 Bg5 16. Qd3 Nc5 17. Nxc5 dxc5 18. c4 f5 19. Qc3 Bf6 20. h3 b6 21. Ka2 Bxd5 22. Rxd5 Qe7 23. Rd7 Qe6 24. Rhd1 Rad8 25. Qd3 Rxd7 26. Bxd7 Qe7 27. Qd5+ Kh8 28. exf5 Rd8 29. Qe6 h6 30. Rd5 Kh7 31. Kb1 Kh8 32. Kc2 Kh7 33. Kd3 Kh8 34. Ke4 Kh7 35. b3 Kh8 36. Qxe7 Bxe7 37. Kxe5 Kg8 38. Be6+ Kf8 39.
Rxd8+ Bxd8 40. Kd6 Ke8 41. Bd5 Bf6 42. Kc6 Bd8 43. f4 Ke7 44.
Be6 Ke8 45. Kd6 Be7+ 46. Kc6 Bd8 47. g4 Ke7 48. g5 Ke8 49.
f6 Kf8 50. fxg7+ Kxg7 51. gxh6+ Kxh6 52. Bg4 Kg6 53. Kd7 Bf6 54. Ke6 Bd4 55. f5+ Kg7 56. Bf3 Bc3 57. Bg4 Bf6 58. Kd7 Bc3 59. Kc6 Kf6 60. Kxb6 Bb4 61. Kc6 Kf7 62. Kd5 Kf6 63. h4 Kf7 64. h5 Kg7 65. Ke6 Bc3 66. f6+ Bxf6 67. h6+ Kg6 68. Bf5+ Kg5 69. h7 Bd4 70. Kd5 Kxf5 71. Kc6 Kg6 72. Kb5 Kxh7 73. Kxa5 Be5 74. Kb6 Kg7 75. Kxc5 Kf7 76. Kc6 Ke8 77. a5 Kd8 78. Kb7 Kd7 79. a6 Bd4 80. b4 Kd6 81. c5+ Kd5 82. a7 Kc4 83. a8=Q Kb5 84.
Qa5+ Kc4 85. c6 1-0

[Event "FIDE Women World Blitz 2021"]
[Site "Warsaw"]
[Date "2021.12.30"]
[Round "13.8"]
[White "Girya, Olga"]
[Black "Paehtz, Elisabeth"]
[Result "1/2-1/2"]
[ECO "B07"]
[WhiteElo "2402"]
[BlackElo "2485"]
[Annotator "ChessBase"]
[PlyCount "129"]
[EventDate "2021.12.29"]
[EventType "swiss"]
[EventCountry "POL"]
[Tiebreak "Cut1 Buchholz"]
[SourceTitle "playchess.com"]
[Source "ChessBase"]
[SourceQuality "1"]
[TimeControl "180+2"]

1. d4 d6 2. e4 g6 3. Nf3 Bg7 4. Bd3 Nc6 5. c3 Nf6 6. O-O O-O 7. Re1 e5 8. h3 Nh5 9. dxe5 dxe5 10. Bg5 Qe8 11. Nbd2 Be6 12. Bc4 Bxc4 13. Nxc4 Qe6 14. Ne3 f6 15. Bh4 Rad8 16. Qb3 Qxb3 17. axb3 Nf4 18. b4 a6 19. Bg3 Ne6 20. Rad1 Rxd1 21. Rxd1 Rd8 22. Rxd8+ Ncxd8 23. Kf1 Nf7 24. Nd2 Bh6 25. Ke2 Bxe3 26. Kxe3 Nd6 27. f3 Kf7 28. Kd3 Ke7 29. h4 h5 30. Bh2 Kd7 31. g3 c5 32. bxc5 Nxc5+ 33. Kc2 b5 34. Bg1 Ne6 35. Nb3 Kc6 36. Na5+ Kc7 37. b4 f5 38. Kd3 fxe4+ 39. fxe4 Nf8 40. Be3 Nd7 41. Bg5 Nf7 42. Be7 Nb6 43. Nb3 Kd7 44. Bf8 Na4 45. Nd2 Ke6 46. Nf3 Nb2+ 47. Kc2 Nc4 48. Kd3 Nb2+ 49. Kc2 Nc4 50. Kd3 Kd7 51. Bc5 Nd8 52. Ng5 Ne6 53. Nxe6 Kxe6 54. Be3 Nd6 55. Bg5 Nf7 56. Be3 Nd6 57. Bg5 Nc4 58. Bc1 a5 59. bxa5 Nxa5 60. Bg5 Nc4 61. Bh6 Nb2+ 62. Kc2 Nc4 63. Kd3 Nb2+ 64. Kc2 Nc4 65. Kd3 1/2-1/2

[Event "FIDE Women World Blitz 2021"]
[Site "Warsaw"]
[Date "2021.12.30"]
[Round "13.8"]
[White "Szczotka, Klara"]
[Black "Kucharska, Honorata"]
[Result "1-0"]
[ECO "D35"]
[WhiteElo "1584"]
[BlackElo "2168"]
[Annotator "NA"]
[PlyCount "121"]
[EventDate "2021.12.29"]
[EventType "swiss"]
[EventCountry "POL"]
[Tiebreak "Cut1 Buchholz"]
[SourceTitle "playchess.com"]
[Source "ChessBase"]
[SourceQuality "1"]
[TimeControl "180+2"]

1. d4 d5 2. c4 e6 3. Nc3 Nf6 4. cxd5 exd5 5. Bg5 Be7 6. e3 c6 7. Bd3 O-O 8. Nge2 Nbd7 9. O-O Re8 10. Rc1 h6 11. Bh4 Nf8 12. Qd2 Ng6 13.
Bg3 Bd6 14. f3 Bb4 15. a3 Ba5 16. b4 Bb6 17. Nf4 Nxf4 18. Bxf4 Be6 19. Kh1 a5 20. b5 c5 21. dxc5 Bxc5 22. Na4 Bd6 23. Bxd6 Qxd6 24. Nc5 b6 25. Nxe6 Qxe6 26. Rfe1 Rac8 27. a4 Qd6 28. Bf1 Qa3 29. Ra1 Qd6 30. Qd4 Qc5 31. Rad1 Qxd4 32. Rxd4 Rc3 33. e4 dxe4 34. fxe4 Re6 35. h3 g6 36. Bc4 Re5 37. Bf1 Kg7 38. Kg1 Rc2 39. Re2 Rxe2 40. Bxe2 Nxe4 41. Bf3 Nc5 42. Bc6 Ne6 43. Rd6 Re1+ 44. Kf2 Ra1 45. Bd5 Nf4 46. Bb3 Ra3 47. Bd1 Nd3+ 48. Ke2 Nf4+ 49. Kf2 Rd3 50. Rxd3 Nxd3+ 51. Ke3 Nb2 52. Bc2 Nc4+ 53. Kd4 Nd6 54. Kd5 Nf5 55. Bxf5 gxf5 56. Kc6 Kf6 57. Kxb6 Kg5 58. Kxa5 Kf4 59. b6 Kg3 60. b7 Kxg2 61. b8=Q 1-0

[Event "FIDE Women World Blitz 2021"]
[Site "Warsaw"]
[Date "2021.12.30"]
[Round "13.9"]
[White "Atalik, Ekaterina"]
[Black "Bodnaruk, Anastasia"]
[Result "0-1"]
[ECO "B07"]
[WhiteElo "2430"]
[BlackElo "2396"]
[Annotator "NA"]
[PlyCount "112"]
[EventDate "2021.12.29"]
[EventType "swiss"]
[EventCountry "POL"]
[Tiebreak "Cut1 Buchholz"]
[SourceTitle "playchess.com"]
[Source "ChessBase"]
[SourceQuality "1"]
[TimeControl "180+2"]

1. d4 Nf6 2. Nf3 g6 3. g3 Bg7 4. Bg2 O-O 5. O-O d6 6. Re1 Nbd7 7. e4 e5 8. Nc3 Re8 9. dxe5 dxe5 10. h3 c6 11. Be3 Qc7 12. Qd2 Bf8 13. Rad1 Nc5 14. Nh2 Ne6 15. Ng4 Nxg4 16. hxg4 Rd8 17. Qc1 Nd4 18. f3 Be6 19. Kf2 b5 20. Rh1 f6 21. Nb1 c5 22. c3 Nc6 23. b3 b4 24. Rxd8 Rxd8 25.
Rd1 Rd7 26. Bf1 a5 27. Rxd7 Qxd7 28. Qd2 Qxd2+ 29. Bxd2 a4 30. Bb5 axb3 31. axb3 Na5 32. cxb4 cxb4 33. Be3 Nxb3 34. Ke1 Kf7 35. Kd1 Bc5 36. Bxc5 Nxc5 37. Nd2 f5 38. gxf5 gxf5 39. exf5 Bxf5 40. Nc4 Kf6 41. Nd2 h5 42. Kc1 Nd3+ 43. Bxd3 Bxd3 44. Kb2 Kf5 45. Kb3 e4 46. fxe4+ Bxe4 47. Kxb4 Bg2 48. Nc4 Kg4 49. Ne5+ Kxg3 50. Ng6 Be4 51. Ne5 h4 52. Nc4 h3 53. Ne3 Bg2 54. Nf5+ Kf4 55. Nh4 Bf1 56. Ng6+ Ke4 0-1

[Event "FIDE Women World Blitz 2021"]
[Site "Warsaw"]
[Date "2021.12.30"]
[Round "13.9"]
[White "Rudzinska, Michalina"]
[Black "Zabrzanska, Weronika"]
[Result "1-0"]
[ECO "C90"]
[WhiteElo "1832"]
[BlackElo "1596"]
[Annotator "NA"]
[PlyCount "41"]
[EventDate "2021.12.29"]
[EventType "swiss"]
[EventCountry "POL"]
[Tiebreak "Cut1 Buchholz"]
[SourceTitle "playchess.com"]
[Source "ChessBase"]
[SourceQuality "1"]
[TimeControl "180+2"]

1. e4 e5 2. Nf3 Nc6 3. Bb5 a6 4. Ba4 Nf6 5. d3 b5 6. Bb3 d6 7. c3 Be7 8. O-O O-O 9. Re1 h6 10. Nbd2 Re8 11. Nf1 Bf8 12. Ng3 Ne7 13. Nh4 Bb7 14. Qf3 Nc6 15. Ngf5 g5 16. Ng6 Na5 17. Nxf8 Rxf8 18. Nxh6+ Kg7 19. Bxg5 Nxb3 20. axb3 Rh8 21.
Ng4 1-0

[Event "FIDE Women World Blitz 2021"]
[Site "Warsaw"]
[Date "2021.12.30"]
[Round "13.10"]
[White "Zatonskih, Anna"]
[Black "Mamedjarova, Zeinab"]
[Result "0-1"]
[ECO "D23"]
[WhiteElo "2394"]
[BlackElo "2249"]
[Annotator "NA"]
[PlyCount "48"]
[EventDate "2021.12.29"]
[EventType "swiss"]
[EventCountry "POL"]
[Tiebreak "Cut1 Buchholz"]
[SourceTitle "playchess.com"]
[Source "ChessBase"]
[SourceQuality "1"]
[TimeControl "180+2"]

1. d4 d5 2. c4 dxc4 3. Nf3 Nf6 4. Qa4+ Nbd7 5. Nc3 e6 6. e4 a6 7. Qxc4 b5 8. Qd3 Bb7 9. a3 b4 10. axb4 Bxb4 11. e5 Ne4 12. Be2 Nxc3 13. bxc3 Be7 14. O-O a5 15. Ba3 O-O 16. Rfb1 Nb6 17. Qc2 Bxa3 18. Rxa3 Qd5 19. Rb5 Qd7 20. Rbxa5 Bxf3 21. Bxf3 Rxa5 22. Rxa5 g6 23. h3 Rb8 24. Qa2 Kg7 0-1

[Event "FIDE Women World Blitz 2021"]
[Site "Warsaw"]
[Date "2021.12.30"]
[Round "13.10"]
[White "Heredia Serrano, Carla"]
[Black "Zairbek kyzy, Begimai"]
[Result "1-0"]
[ECO "B11"]
[WhiteElo "2138"]
[BlackElo "1701"]
[Annotator "NA"]
[PlyCount "117"]
[EventDate "2021.12.29"]
[EventType "swiss"]
[EventCountry "POL"]
[Tiebreak "Cut1 Buchholz"]
[SourceTitle "playchess.com"]
[Source "ChessBase"]
[SourceQuality "1"]
[TimeControl "180+2"]

1. e4 c6 2. Nc3 d5 3. Qf3 Nf6 4. e5 Nfd7 5. Qg3 e6 6. Nf3 a6 7. d4 c5 8. Bd3 Nc6 9. O-O cxd4 10. Ne2 Qc7 11. Bf4 Qb6 12. Rab1 g6 13.
h4 h5 14. Rfd1 Nc5 15. Ng5 Nxd3 16. Rxd3 Bg7 17. b3 Nb4 18. Rd2 Nxa2 19. Nxd4 Nb4 20. Rbd1 Bd7 21. Qf3 Rf8 22. Qg3 Rc8 23. Nh7 Rh8 24. Nf6+ Bxf6 25. exf6 Nc6 26. Be3 Qc7 27. Bf4 Qd8 28. Be5 Nxe5 29. Qxe5 Qc7 30. Qe3 Kf8 31. Nf3 Qc3 32. Qe5 Qxe5 33. Nxe5 Be8 34. f4 Kg8 35. Nf3 g5 36. fxg5 Kh7 37. Ne5 Rf8 38. Kf2 Bb5 39. Ke3 Rc3+ 40. Kf2 Kg8 41. Re1 Rfc8 42. Kg1 Rxc2 43. Rxc2 Rxc2 44. Re3 d4 45. Re1 d3 46. Nf3 Rb2 47. Rd1 Rxb3 48. Kf2 Rb4 49. Ke3 Kh7 50. Rd2 Kg6 51. Ne5+ Kf5 52. Nxf7 Rxh4 53. Nd6+ Kxg5 54. f7 Rg4 55. f8=Q Rg3+ 56. Kf2 Rg4 57. Qe7+ Kf4 58. Qxe6 Bc6 59. Qf6# 1-0

[Event "FIDE Women World Blitz 2021"]
[Site "Warsaw"]
[Date "2021.12.30"]
[Round "13.11"]
[White "Injac, Teodora"]
[Black "Salimova, Nurgyul"]
[Result "1/2-1/2"]
[ECO "E12"]
[WhiteElo "2387"]
[BlackElo "2353"]
[Annotator "NA"]
[PlyCount "105"]
[EventDate "2021.12.29"]
[EventType "swiss"]
[EventCountry "POL"]
[Tiebreak "Cut1 Buchholz"]
[SourceTitle "playchess.com"]
[Source "ChessBase"]
[SourceQuality "1"]
[TimeControl "180+2"]

1. d4 e6 2. Nf3 Nf6 3. c4 b6 4. a3 Bb7 5. Nc3 Be7 6. d5 O-O 7. g3 exd5 8. cxd5 a5 9. Bg2 Na6 10. O-O Nc5 11. Nd4 Re8 12. Bf4 Bf8 13.
Ndb5 d6 14. b4 axb4 15. axb4 Rxa1 16. Qxa1 Nce4 17. Nxe4 Nxe4 18. Rc1 Nf6 19. Nc3 h6 20. e4 g6 21. Qb1 Bg7 22. Nb5 Re7 23. Qc2 Ne8 24. Be3 Ba6 25. Nd4 Bb7 26. Nc6 Bxc6 27. Qxc6 Nf6 28. Ra1 Kh7 29. Ra8 Qd7 30. f3 Qxc6 31. dxc6 Nd5 32. Bd2 Bd4+ 33. Kf1 Ne3+ 34. Bxe3 Bxe3 35. Ke2 Bd4 36. Kd3 Bg1 37. h3 Bh2 38. g4 g5 39. Bf1 Kg7 40. Be2 Be5 41. Bd1 Re6 42. Bb3 Rf6 43.
Ke2 d5 44. Bxd5 Bd6 45. b5 h5 46. Rd8 hxg4 47. hxg4 Rh6 48. Kd3 Rf6 49. Ke2 Rh6 50. Rd7 Rf6 51. Bc4 Bf4 52. Bd5 Bd6 53.
Rd8 1/2-1/2

[Event "FIDE Women World Blitz 2021"]
[Site "Warsaw"]
[Date "2021.12.30"]
[Round "13.12"]
[White "Shuvalova, Polina"]
[Black "Kovanova, Baira"]
[Result "1-0"]
[ECO "C84"]
[WhiteElo "2515"]
[BlackElo "2331"]
[Annotator "ChessBase"]
[PlyCount "83"]
[EventDate "2021.12.29"]
[EventType "swiss"]
[EventCountry "POL"]
[Tiebreak "Cut1 Buchholz"]
[SourceTitle "playchess.com"]
[Source "ChessBase"]
[SourceQuality "1"]
[TimeControl "180+2"]

1. e4 e5 2. Nf3 Nc6 3. Bb5 a6 4. Ba4 Nf6 5. O-O Be7 6. d3 b5 7. Bb3 d6 8. a3 O-O 9. Nc3 Bg4 10. Be3 Nd4 11. Bxd4 exd4 12. Nd5 c6 13. Nxe7+ Qxe7 14. h3 Bh5 15. g4 Nxg4 16. hxg4 Bxg4 17. Kg2 Kh8 18. Qd2 f5 19. Nh2 Qh4 20. f3 Bh3+ 21. Kh1 Bxf1 22. Rxf1 fxe4 23. dxe4 Rae8 24. Qxd4 d5 25. Rg1 Rf6 26. Rg4 Qe1+ 27. Qg1 Qxg1+ 28. Kxg1 dxe4 29. fxe4 Rd6 30. Nf3 g6 31. e5 Rd1+ 32. Kf2 Kg7 33. Ke2 Rb1 34. Rd4 Re7 35. Rd6 c5 36. Bd5 Rxb2 37. Kd3 Rb1 38. Kd2 a5 39. e6 b4 40. axb4 cxb4 41. Ne5 Rh1 42. Bxh1 1-0

[Event "FIDE Women World Blitz 2021"]
[Site "Warsaw"]
[Date "2021.12.30"]
[Round "13.12"]
[White "Brambilla, Renee Blandy T."]
[Black "Budkiewicz, Magdalena"]
[Result "0-1"]
[ECO "E61"]
[WhiteElo "1651"]
[BlackElo "1624"]
[Annotator "NA"]
[PlyCount "70"]
[EventDate "2021.12.29"]
[EventType "swiss"]
[EventCountry "POL"]
[Tiebreak "Cut1 Buchholz"]
[SourceTitle "playchess.com"]
[Source "ChessBase"]
[SourceQuality "1"]
[TimeControl "180+2"]

1. d4 Nf6 2. c4 g6 3. Nc3 Bg7 4. e4 d6 5. Nf3 O-O 6. Be2 e5 7. O-O Nbd7 8. d5 Nc5 9. Bd3 Bg4 10. h3 Bd7 11. Bg5 h6 12. Be3 Nxd3 13. Qxd3 Nh5 14. Qd2 Kh7 15. Rac1 Rc8 16. Ne2 Qe7 17. Ng3 Nxg3 18. fxg3 f5 19. c5 fxe4 20. cxd6 cxd6 21. Nh2 a6 22. Rxf8 Qxf8 23. Rf1 Qe7 24. Qf2 Kg8 25. Qe2 Rf8 26. Rxf8+ Qxf8 27. Qf2 Qxf2+ 28. Kxf2 Bb5 29. Ng4 h5 30. Nh2 Bc4 31. g4 Bxa2 32. gxh5 gxh5 33. Nf1 Bxd5 34. Ng3 Bc6 35. Nf5 d5 0-1

[Event "FIDE Women World Blitz 2021"]
[Site "Warsaw"]
[Date "2021.12.30"]
[Round "13.13"]
[White "Kulon, Klaudia"]
[Black "Osmak, Yuliia"]
[Result "1-0"]
[ECO "A21"]
[WhiteElo "2328"]
[BlackElo "2198"]
[Annotator "NA"]
[PlyCount "77"]
[EventDate "2021.12.29"]
[EventType "swiss"]
[EventCountry "POL"]
[Tiebreak "Cut1 Buchholz"]
[SourceTitle "playchess.com"]
[Source "ChessBase"]
[SourceQuality "1"]
[TimeControl "180+2"]

1. c4 f5 2. g3 Nf6 3. Bg2 d6 4. Nc3 e5 5. d3 g6 6. e4 c6 7. Nge2 Bg7 8. O-O O-O 9. exf5 Bxf5 10. d4 Nbd7 11. h3 Rc8 12. b3 Qa5 13. Bb2 Rcd8 14. a3 Qc7 15. Rc1 g5 16. g4 Bg6 17.
Qd2 h6 18. d5 Nc5 19. Qd1 Nd3 20. Rc2 Nxb2 21. Rxb2 c5 22. Ng3 e4 23. Re2 Nxg4 24. Nb5 Qc8 25. hxg4 a6
26. Nxd6 Rxd6 27. Nxe4 Bxe4 28. Rxe4 Qc7 29. Qe2 Rf7 30. Re8+ Bf8 31. Be4 Qd7 32. Bc2 Rdf6 33. Bf5 Rxf5 34. gxf5 Qxf5 35. Qe6 Qf3 36. Qg6+ Rg7 37. Qe4 Qxb3 38. Re1 Qc3 39. Rxf8+ 1-0

[Event "FIDE Women World Blitz 2021"]
[Site "Warsaw"]
[Date "2021.12.30"]
[Round "13.14"]
[White "Stefanova, Antoaneta"]
[Black "Sandu, Mihaela"]
[Result "1-0"]
[ECO "A49"]
[WhiteElo "2475"]
[BlackElo "2244"]
[Annotator "ChessBase"]
[PlyCount "85"]
[EventDate "2021.12.29"]
[EventType "swiss"]
[EventCountry "POL"]
[Tiebreak "Cut1 Buchholz"]
[SourceTitle "playchess.com"]
[Source "ChessBase"]
[SourceQuality "1"]
[TimeControl "180+2"]

1. Nf3 Nf6 2. g3 g6 3. Bg2 Bg7 4. O-O O-O 5. d4 d6 6. Re1 Nbd7 7. e4 e5 8. a4 exd4 9. Nxd4 a6 10. a5 Re8 11. h3 Nc5 12. Nc3 Rb8 13.
Kh2 Bd7 14. Ra3 h6 15. f4 Ne6 16. Nf3 Nh5 17. Be3 Kh7 18. Qd2 Bc6 19. Raa1 Nf6 20. Bf2 Nc5 21. Bxc5 dxc5 22. Qxd8 Rexd8 23. Ne5 Be8 24. Rad1 Rd4 25. Nf3 Rb4 26. b3 Ng4+ 27. hxg4 Bxc3 28. Re3 Bg7 29. e5 c4 30. Re4 Bc6 31. Rxc4 Rxc4
32. bxc4 b5 33. cxb5 Bxb5 34. Nd4 Bc4 35. Nc6 Rb2 36. Be4 Bb5 37.
Nd8 Kg8 38. Kh3 Bf8 39. e6 fxe6 40. Nxe6 Bd6 41. Bxg6 Bd7 42. f5 Rb4 43. Nxc7 1-0

[Event "FIDE Women World Blitz 2021"]
[Site "Warsaw"]
[Date "2021.12.30"]
[Round "13.15"]
[White "Balajayeva, Khanim"]
[Black "Dzagnidze, Nana"]
[Result "0-1"]
[ECO "B22"]
[WhiteElo "2369"]
[BlackElo "2524"]
[Annotator "ChessBase"]
[PlyCount "86"]
[EventDate "2021.12.29"]
[EventType "swiss"]
[EventCountry "POL"]
[Tiebreak "Cut1 Buchholz"]
[SourceTitle "playchess.com"]
[Source "ChessBase"]
[SourceQuality "1"]
[TimeControl "180+2"]

1. e4 c5 2. c3 Nf6 3. e5 Nd5 4. Nf3 Nc6 5. d4 cxd4 6. Bc4 Nb6 7. Bb3 d5 8.
exd6 Qxd6 9. O-O Be6 10. Na3 a6 11. Bxe6 Qxe6 12. cxd4 Qd7 13. Qb3 Nd5 14. Nc4 e6 15. Nce5 Nxe5 16. Nxe5 Qc7 17. Qg3 f6 18. Nd3 Qxg3 19. hxg3 Rc8 20. Bf4 Kd7 21. Rfe1 g5 22. Bd2 Bd6 23. Re2 h5 24. Rae1 Rhe8 25. a3 Rc4 26. Be3 a5 27. Rd1 a4 28. Red2 b6 29. Kf1 Nxe3+ 30. fxe3 Bxg3 31. Ke2 Rec8 32. Rf1 Ke7 33. Nb4 Bd6 34. Nd3 h4 35. Nf2 f5 36. e4 Bf4 37. Rdd1 Rc2+ 38. Kd3 Rxb2 39. Rb1 Ra2 40. Rxb6 Rxa3+ 41. Ke2 Rc2+ 42. Kd1 Rd2+ 43. Kc1 Rxf2+ 0-1

[Event "FIDE Women World Blitz 2021"]
[Site "Warsaw"]
[Date "2021.12.30"]
[Round "13.16"]
[White "Muetsch, Annmarie"]
[Black "Vantika Agrawal"]
[Result "1-0"]
[ECO "B25"]
[WhiteElo "2279"]
[BlackElo "2329"]
[Annotator "NA"]
[PlyCount "86"]
[EventDate "2021.12.29"]
[EventType "swiss"]
[EventCountry "POL"]
[Tiebreak "Cut1 Buchholz"]
[SourceTitle "playchess.com"]
[Source "ChessBase"]
[SourceQuality "1"]
[TimeControl "180+2"]

1. e4 c5 2. Nc3 d6 3. g3 Nc6 4. Bg2 g6 5. Nge2 Bg7 6. O-O e6 7. d3 Nge7 8. h4 Nd4 9. h5 O-O 10. Nf4 Rb8 11. a4 b6 12. hxg6 fxg6 13. Be3 Nec6 14. Nh3 Qe7 15. Bg5 Qf7 16. f4 Kh8 17. Bh4 Nb4 18. Rf2 d5 19.
Ng5 Qg8 20. e5 h6 21. Nf3 Nbc6 22. Nb5 Nxf3+ 23. Bxf3 g5 24. fxg5 Nxe5 25. gxh6 Bxh6 26. Kg2 Bb7 27. d4 Nxf3 28. Rxf3 Qg6 29. Be7 Rf7 30. Bd6 Rg8 31. Be5+ Kh7 32. Rxf7+ Qxf7 33. Nd6 Qe7 34. Qh5 Rg5 35. Qh4 cxd4 36. Rh1 Qf8 37. Qxg5 d3 38. Nxb7 dxc2 39. Bf4 e5 40. Rxh6+ Qxh6 41. Qxh6+ Kg8 42. Qg6+ Kf8 43. Bh6+ Ke7 1-0

[Event "FIDE Women World Blitz 2021"]
[Site "Warsaw"]
[Date "2021.12.30"]
[Round "13.17"]
[White "Bivol, Alina"]
[Black "Nomin-Erdene, Davaademberel"]
[Result "1-0"]
[ECO "B13"]
[WhiteElo "2377"]
[BlackElo "2188"]
[Annotator "NA"]
[PlyCount "69"]
[EventDate "2021.12.29"]
[EventType "swiss"]
[EventCountry "POL"]
[Tiebreak "Cut1 Buchholz"]
[SourceTitle "playchess.com"]
[Source "ChessBase"]
[SourceQuality "1"]
[TimeControl "180+2"]

1. e4 c6 2. d4 d5 3. exd5 cxd5 4. Bd3 Nc6 5. c3 g6 6. Nf3 Bg7 7. O-O Nh6 8. Bf4 O-O 9. Re1 f6 10. c4 e6 11. Nc3 Nf7 12. cxd5 exd5 13. Qb3 g5 14. Bg3 g4 15. Nd2 Nxd4 16. Qxd5 f5 17. Bc4 Qxd5 18. Nxd5 Nc2 19. Nc7 Rb8 20. Nb5 Ra8 21. Nd6 Nxa1 22. Rxa1 Bd7 23. Re1 Be8 24. Re7 Rd8 25. Nf1 Bf6 26. Rxb7 Kg7 27. Nxf5+ Kg6 28. N1e3 Ne5 29. Bxe5 Bxe5 30. Ne7+ Kg5 31. g3 Bd4 32. N7d5 Bxe3 33. Nxe3 Rd2 34. Rg7+ Kh6 35. Rxg4 1-0

[Event "FIDE Women World Blitz 2021"]
[Site "Warsaw"]
[Date "2021.12.30"]
[Round "13.18"]
[White "Muzychuk, Mariya"]
[Black "Garcia Martin, Marta"]
[Result "1-0"]
[ECO "C47"]
[WhiteElo "2536"]
[BlackElo "2194"]
[Annotator "ChessBase"]
[PlyCount "41"]
[EventDate "2021.12.29"]
[EventType "swiss"]
[EventCountry "POL"]
[Tiebreak "Cut1 Buchholz"]
[SourceTitle "playchess.com"]
[Source "ChessBase"]
[SourceQuality "1"]
[TimeControl "180+2"]

1. e4 e5 2. Nf3 Nc6 3. Nc3 Nf6 4. d4 exd4 5. Nxd4 Bc5 6. Be3 Bb6 7. Nf5 O-O 8.
Bxb6 axb6 9. Bc4 Re8 10. O-O d6 11. Ng3 Be6 12. Bxe6 Rxe6 13. f4 b5 14. a3 Qd7 15. Qd2 Na5 16. b3 Qc6 17. Qd3 b4 18. axb4 Qb6+ 19. Kh1 Qxb4 20. Ra4 Qb6 21. b4 1-0